[Event "HUN-chT Youth-Children 2018"]
[Site "Zalakaros"]
[Date "2018.07.26"]
[Round "1"]
[White "Vadkerti, Vince"]
[Black "Kocsmar, Akos"]
[Result "0-1"]
[ECO "B23"]
[WhiteElo "1299"]
[BlackElo "1721"]
[Annotator "NA"]
[PlyCount "44"]
[EventDate "2018.07.26"]
[EventType "team-tourn"]
[EventCountry "HUN"]
[SourceTitle "playchess.com"]
[Source "ChessBase"]
[SourceQuality "1"]
[TimeControl "5400+30"]

1. e4 c5 2. Nc3 d6 3. f4 g6 4. Nf3 Bg7 5. Bc4 Nc6 6. d3 e6 7. O-O Nge7 8. Qe2 O-O 9. Be3 d5 10. exd5 exd5 11. Bxc5 dxc4 12. Rad1 Re8 13. dxc4 Qa5 14. b4 Nxb4 15. Bxe7 Bxc3 16. Bxb4 Rxe2 17. Bxa5 Bxa5 18. Rf2 Bb6 19. Nd4 Re4 20. c3 Bg4 21. Rd3 Rd8 22. Rfd2 Be2 0-1

[Event "HUN-chT Youth-Children 2018"]
[Site "Zalakaros"]
[Date "2018.07.26"]
[Round "1"]
[White "Andras, Ferenc"]
[Black "Pasti, Aron"]
[Result "0-1"]
[ECO "C54"]
[WhiteElo "1202"]
[BlackElo "2069"]
[Annotator "NA"]
[PlyCount "86"]
[EventDate "2018.07.26"]
[EventType "team-tourn"]
[EventCountry "HUN"]
[SourceTitle "playchess.com"]
[Source "ChessBase"]
[SourceQuality "1"]
[TimeControl "5400+30"]

1. e4 e5 2. Nf3 Nc6 3. Bc4 Bc5 4. c3 Nf6 5. d4 exd4 6. O-O Nxe4 7. cxd4 Be7 8. d5 Nb8 9. Qd4 Nf6 10. Bg5 O-O 11. Nc3 h6 12. Bh4 d6 13. h3 Bf5 14. Rfe1 Nbd7 15. Nd1 Nb6 16. Ne3 Bg6 17. Ng4 Nxc4 18. Qxc4 Nxd5 19. Qxd5 Bxh4 20. Qxb7 h5 21. Ne3 Bf6 22. Nd5 c5 23. Nxf6+ Qxf6 24. b3 Rfe8 25. Qc6 Be4 26. Qa4 d5 27. Rac1 Rec8 28. Nd2 Bf5 29. Nf3 Bxh3 30. Qb5 Bg4 31. Ne5 Qb6 32. Qd3 d4 33. Qc4 Qe6 34. Qd3 Qf6 35. Re4 Bf5 36. Nc4 Bxe4 37. Qxe4 Re8 38. Qd3 Qg6 39. Qf3 Rad8 40. Rd1 Qg4 41. Qxg4 hxg4 42. Kh2 Re2 43. Kg3 Rxa2 0-1

[Event "HUN-chT Youth-Children 2018"]
[Site "Zalakaros"]
[Date "2018.07.26"]
[Round "1"]
[White "Szucs, Vivien"]
[Black "Szabo, Akos"]
[Result "1/2-1/2"]
[ECO "C47"]
[WhiteElo "1087"]
[BlackElo "1322"]
[Annotator "NA"]
[PlyCount "77"]
[EventDate "2018.07.26"]
[EventType "team-tourn"]
[EventCountry "HUN"]
[SourceTitle "playchess.com"]
[Source "ChessBase"]
[SourceQuality "1"]
[TimeControl "5400+30"]

1. e4 e5 2. Nc3 Nc6 3. Nf3 Nf6 4. Bc4 Nxe4 5. Nxe4 d5 6. Bd3 Nb4 7. Qe2 Nxd3+ 8. Qxd3 dxe4 9. Qxd8+ Kxd8 10. Nxe5 Ke8 11. O-O Bd6 12. Nc4 Bc5 13. Re1 f6 14. Rxe4+ Kf7 15. d4 Be7 16. Bf4 Bf5 17. Re3 Bxc2 18. Bxc7 Rac8 19. Rc1 Rxc7 20. Rxc2 Rhc8 21. Rec3 Ke8 22. d5 Kd7 23. a3 b5 24. d6 Rxc4 25. Rxc4 Rxc4 26. Rxc4 bxc4 27. dxe7 Kxe7 28. Kf1 Kd6 29. Ke2 Kd5 30. Ke3 Ke5 31. f4+ Kd5 32. g4 g5 33. fxg5 fxg5 34. h3 h6 35. a4 a5 36. Kf3 Kd4 37. Ke2 c3 38. b3 Kc5 39. Kd3 1/2-1/2

[Event "HUN-chT Youth-Children 2018"]
[Site "Zalakaros"]
[Date "2018.07.26"]
[Round "2"]
[White "Vanczak, Tamas"]
[Black "Tubak, Daniel"]
[Result "1-0"]
[ECO "A48"]
[WhiteElo "2339"]
[BlackElo "2168"]
[Annotator "NA"]
[PlyCount "103"]
[EventDate "2018.07.26"]
[EventType "team-tourn"]
[EventCountry "HUN"]
[SourceTitle "playchess.com"]
[Source "ChessBase"]
[SourceQuality "1"]
[TimeControl "5400+30"]

1. d4 Nf6 2. Nf3 g6 3. Bg5 Bg7 4. Nbd2 d5 5. e3 O-O 6. Bd3 c5 7. c3 Nc6 8. dxc5 h6 9. Bxf6 Bxf6 10. O-O a5 11. e4 Bg7 12. Qe2 d4 13. Nc4 dxc3 14. bxc3 Bxc3 15. Rad1 Bg4 16. Qe3 Bg7 17. Nb6 Rb8 18. Bb5 Qe8 19. a4 Rd8 20. Qf4 Be6 21. Nd5 Rb8 22. Qc7 Bxd5 23. exd5 Qd8 24. Qxd8 Nxd8 25. Bd7 Bb2 26. Rd3 Ra8 27. Rb1 Bf6 28. Rb6 Kg7 29. Nd4 Bxd4 30. Rxd4 e6 31. c6 bxc6 32. dxc6 Ra7 33. Rc4 Rc7 34. Rb5 f5 35. Rxa5 Nf7 36. Rb4 Rd8 37. h3 Kf6 38. f4 e5 39. Rab5 Rcxd7 40. cxd7 Rxd7 41. Rb6+ Nd6 42. a5 exf4 43. a6 Ke5 44. Rb7 Rd8 45. Rc7 Ne4 46. Rb1 f3 47. gxf3 Nd2 48. Re1+ Kf4 49. Kf2 Rd6 50. Ra1 Rd4 51. a7 Nxf3 52. Ra2 1-0

[Event "HUN-chT Youth-Children 2018"]
[Site "Zalakaros"]
[Date "2018.07.26"]
[Round "2"]
[White "Papp, Levente"]
[Black "Koszta, Benedek"]
[Result "1-0"]
[ECO "A30"]
[WhiteElo "2311"]
[BlackElo "1901"]
[Annotator "NA"]
[PlyCount "67"]
[EventDate "2018.07.26"]
[EventType "team-tourn"]
[EventCountry "HUN"]
[SourceTitle "playchess.com"]
[Source "ChessBase"]
[SourceQuality "1"]
[TimeControl "5400+30"]

1. c4 c5 2. g3 Nf6 3. Bg2 e6 4. Nf3 d5 5. cxd5 exd5 6. d4 Nc6 7. O-O Be6 8. Nc3 Be7 9. Be3 c4 10. Ne5 O-O 11. Nxc4 dxc4 12. d5 Bxd5 13. Nxd5 Nxd5 14. Qxd5 Qxd5 15. Bxd5 Ne5 16. Bf4 Ng6 17. Bxb7 Rad8 18. Be3 Bf6 19. Rac1 Rb8 20. Ba6 Rxb2 21. Bxc4 Ne5 22. a4 Nxc4 23. Rxc4 a6 24. Rc6 Ra8 25. Rfc1 h6 26. Rc8+ Rxc8 27. Rxc8+ Kh7 28. Ra8 Rxe2 29. Rxa6 Ra2 30. Ra7 Kg6 31. a5 Bc3 32. a6 Be5 33. Ra8 Bc3 34. a7 1-0

[Event "HUN-chT Youth-Children 2018"]
[Site "Zalakaros"]
[Date "2018.07.26"]
[Round "2"]
[White "Kokeny, Norbert Adrian"]
[Black "Krstulovic, Alex"]
[Result "1/2-1/2"]
[ECO "A07"]
[WhiteElo "2249"]
[BlackElo "2289"]
[Annotator "NA"]
[PlyCount "82"]
[EventDate "2018.07.26"]
[EventType "team-tourn"]
[EventCountry "HUN"]
[SourceTitle "playchess.com"]
[Source "ChessBase"]
[SourceQuality "1"]
[TimeControl "5400+30"]

1. Nf3 d5 2. g3 Nf6 3. Bg2 c6 4. O-O Bg4 5. d4 e6 6. c4 Nbd7 7. Qb3 Qb6 8. Nc3 Be7 9. Re1 Bxf3 10. Bxf3 Qxd4 11. Qxb7 O-O 12. cxd5 cxd5 13. Be3 Qb4 14. Qxb4 Bxb4 15. Rec1 Nb6 16. Bxb6 axb6 17. Nb5 Rfc8 18. a3 Bd2 19. Rxc8+ Rxc8 20. b4 Nd7 21. Ra2 Bg5 22. Kg2 Be7 23. e4 dxe4 24. Bxe4 f5 25. Bf3 Ne5 26. Re2 Nxf3 27. Kxf3 Kf7 28. Nd4 Rc4 29. Nb5 g5 30. Ke3 Kf6 31. Kd3 Rc8 32. f4 gxf4 33. gxf4 Kf7 34. Rc2 Rxc2 35. Kxc2 Kf6 36. Kd3 e5 37. Nc7 Bd8 38. Ne8+ Ke7 39. Ng7 Kf6 40. Ne8+ Ke7 41. Ng7 Kf6 {[%emt 0:02:49] Ke4} 1/2-1/2

[Event "HUN-chT Youth-Children 2018"]
[Site "Zalakaros"]
[Date "2018.07.26"]
[Round "2"]
[White "Ugroczky, Peter"]
[Black "Diller, Denis"]
[Result "1/2-1/2"]
[ECO "B38"]
[WhiteElo "2247"]
[BlackElo "2057"]
[Annotator "NA"]
[PlyCount "116"]
[EventDate "2018.07.26"]
[EventType "team-tourn"]
[EventCountry "HUN"]
[SourceTitle "playchess.com"]
[Source "ChessBase"]
[SourceQuality "1"]
[TimeControl "5400+30"]

1. e4 c5 2. Nf3 Nc6 3. d4 cxd4 4. Nxd4 g6 5. c4 Bg7 6. Be3 Nf6 7. Nc3 O-O 8. Be2 d6 9. O-O Bd7 10. Rc1 Rc8 11. b3 Nxd4 12. Bxd4 Bc6 13. Qd3 a5 14. Rfd1 Nd7 15. Bg4 Rc7 16. Bxg7 Kxg7 17. Nd5 Bxd5 18. exd5 Nc5 19. Qc3+ Kg8 20. Qxa5 f5 21. Bf3 Qd7 22. b4 Ne4 23. Bxe4 fxe4 24. Re1 Rfc8 25. Rxe4 b5 26. Qb6 bxc4 27. Qe3 Qb5 28. Qd2 c3 29. Qd4 Rc4 30. Qe3 Qxd5 31. Rxe7 c2 32. h3 R8c7 33. Rxc7 Rxc7 34. Qb3 Qxb3 35. axb3 Rc3 36. Kf1 Rxb3 37. Rxc2 Rxb4 38. Rc7 Rb1+ 39. Ke2 Rb2+ 40. Kf3 Rb3+ 41. Kg4 Rb2 42. Kg3 d5 43. Rd7 Rd2 44. f4 d4 45. Kf3 d3 46. g3 Rd1 47. Ke3 Rg1 48. Kf2 Rd1 49. h4 Rd2+ 50. Ke3 Re2+ 51. Kf3 Rd2 52. Ke4 Re2+ 53. Kf3 Rd2 54. g4 Rd1 55. f5 gxf5 56. gxf5 d2 57. Ke2 Rh1 58. Kxd2 Rxh4 1/2-1/2

[Event "HUN-chT Youth-Children 2018"]
[Site "Zalakaros"]
[Date "2018.07.26"]
[Round "2"]
[White "Borhy, Marcell"]
[Black "Polyik, Peter"]
[Result "1-0"]
[ECO "A40"]
[WhiteElo "2234"]
[BlackElo "2265"]
[Annotator "NA"]
[PlyCount "53"]
[EventDate "2018.07.26"]
[EventType "team-tourn"]
[EventCountry "HUN"]
[SourceTitle "playchess.com"]
[Source "ChessBase"]
[SourceQuality "1"]
[TimeControl "5400+30"]

1. d4 g6 2. c4 Bg7 3. Nf3 d6 4. g3 f5 5. Bg2 Nf6 6. b3 O-O 7. Bb2 c6 8. O-O a5 9. Nc3 Na6 10. Rc1 Qc7 11. d5 e5 12. dxe6 Bxe6 13. Nd4 Bd7 14. e3 Nc5 15. Qc2 Rae8 16. Rcd1 Nfe4 17. Ba3 g5 18. Nce2 Na6 19. g4 c5 20. Nxf5 Rxf5 21. Bxe4 Rf6 22. Bxh7+ Kh8 23. Bf5 Bc6 24. Ng3 Rh6 25. Bb2 Nb4 26. Qe2 d5 27. a3 1-0

[Event "HUN-chT Youth-Children 2018"]
[Site "Zalakaros"]
[Date "2018.07.26"]
[Round "2"]
[White "Bohus, Adam"]
[Black "Marosi, Levente"]
[Result "1/2-1/2"]
[ECO "B07"]
[WhiteElo "2231"]
[BlackElo "2337"]
[Annotator "NA"]
[PlyCount "103"]
[EventDate "2018.07.26"]
[EventType "team-tourn"]
[EventCountry "HUN"]
[SourceTitle "playchess.com"]
[Source "ChessBase"]
[SourceQuality "1"]
[TimeControl "5400+30"]

1. e4 d6 2. d4 Nf6 3. Nc3 e5 4. Nge2 Nbd7 5. g3 c6 6. Bg2 Be7 7. O-O O-O 8. h3 b5 9. a3 Bb7 10. Be3 Qc7 11. g4 a5 12. Ng3 g6 13. f4 b4 14. Nce2 Nb6 15. f5 Nfd7 16. c3 bxa3 17. bxa3 Qd8 18. Qc1 Nc4 19. Bh6 Re8 20. g5 Bf8 21. Bxf8 Nxf8 22. h4 Rb8 23. h5 Bc8 24. Rf2 Rb2 25. Bf1 Ba6 26. Qe1 Qxg5 27. fxg6 fxg6 28. hxg6 hxg6 29. Bh3 Bc8 30. Bg2 Bg4 31. Nc1 Rxf2 32. Qxf2 Ne6 33. Nd3 Rf8 34. Qa2 Qe3+ 35. Nf2 Nd2 36. Nf5 Bxf5 37. exf5 Rxf5 38. Qxe6+ Kg7 39. Qe7+ Rf7 40. Qh4 g5 41. Qh3 Qxf2+ 42. Kh1 exd4 43. cxd4 c5 44. dxc5 dxc5 45. Rd1 Rf4 46. Qd7+ Kg6 47. Qd3+ Kg7 48. Qd7+ Kg6 49. Qd3+ Kg7 50. Qd7+ Kg6 51. Qd3+ Kg7 52. Qd7+ 1/2-1/2

[Event "HUN-chT Youth-Children 2018"]
[Site "Zalakaros"]
[Date "2018.07.26"]
[Round "2"]
[White "Margl, Roland"]
[Black "Hegedus, Dominik"]
[Result "1-0"]
[ECO "E65"]
[WhiteElo "2183"]
[BlackElo "2005"]
[Annotator "NA"]
[PlyCount "84"]
[EventDate "2018.07.26"]
[EventType "team-tourn"]
[EventCountry "HUN"]
[SourceTitle "playchess.com"]
[Source "ChessBase"]
[SourceQuality "1"]
[TimeControl "5400+30"]

1. Nf3 Nf6 2. c4 g6 3. g3 Bg7 4. Bg2 d6 5. d4 O-O 6. O-O c5 7. Nc3 Na6 8. b3 Nc7 9. Bb2 Rb8 10. Qc2 Ne6 11. e3 a6 12. Rad1 Bd7 13. d5 Nc7 14. h3 b5 15. Ba1 Qc8 16. Kh2 Na8 17. e4 bxc4 18. bxc4 Nb6 19. Qe2 a5 20. Rfe1 Qa6 21. Bf1 Ne8 22. e5 Qa8 23. Ne4 Bf5 24. g4 Bxe4 25. Qxe4 Qa7 26. Bd3 Qc7 27. Kg2 a4 28. a3 Rb7 29. Qe2 Kh8 30. Bc3 Kg8 31. Rb1 Ra7 32. Rb2 Nd7 33. exd6 exd6 34. Qc2 Nef6 35. Reb1 Re8 36. Rb5 Ne5 37. Nxe5 dxe5 38. Be4 Qc8 39. Ba5 Nxe4 40. Qxe4 f5 41. Qe2 Rf7 42. gxf5 Qxf5 1-0

[Event "HUN-chT Youth-Children 2018"]
[Site "Zalakaros"]
[Date "2018.07.26"]
[Round "2"]
[White "Egyed, Judit"]
[Black "Kovacs, Bence"]
[Result "1-0"]
[ECO "C70"]
[WhiteElo "2171"]
[BlackElo "1994"]
[Annotator "NA"]
[PlyCount "77"]
[EventDate "2018.07.26"]
[EventType "team-tourn"]
[EventCountry "HUN"]
[SourceTitle "playchess.com"]
[Source "ChessBase"]
[SourceQuality "1"]
[TimeControl "5400+30"]

1. e4 e5 2. Nf3 Nc6 3. Bb5 a6 4. Ba4 Nge7 5. O-O g6 6. c3 Bg7 7. d4 exd4 8. cxd4 b5 9. Bc2 O-O 10. d5 Na5 11. Nc3 d6 12. Nd4 b4 13. Nce2 c5 14. dxc6 Nexc6 15. Nxc6 Nxc6 16. Bb3 Be6 17. Rb1 Re8 18. Be3 Bxb3 19. Qxb3 Rxe4 20. Qd5 Qe8 21. Rfc1 Na7 22. Rc7 Nb5 23. Rxf7 Re5 24. Qb7 Qxf7 25. Qxa8+ Re8 26. Qxa6 Qf5 27. Rd1 Bxb2 28. Qa4 Bc3 29. Nxc3 bxc3 30. Qb3+ Kg7 31. a4 c2 32. Rc1 Nc7 33. Qc3+ Kg8 34. Qxc7 Rc8 35. Qb7 Rc4 36. Bh6 Qe5 37. Qb8+ Kf7 38. Qf8+ Ke6 39. Qg8+ {[%emt 0:00:06] Kd5} 1-0

[Event "HUN-chT Youth-Children 2018"]
[Site "Zalakaros"]
[Date "2018.07.26"]
[Round "2"]
[White "Losonczi, Marcell"]
[Black "Lengyel, Andrea"]
[Result "1-0"]
[ECO "B33"]
[WhiteElo "2149"]
[BlackElo "1854"]
[Annotator "NA"]
[PlyCount "91"]
[EventDate "2018.07.26"]
[EventType "team-tourn"]
[EventCountry "HUN"]
[SourceTitle "playchess.com"]
[Source "ChessBase"]
[SourceQuality "1"]
[TimeControl "5400+30"]

1. e4 c5 2. Nf3 Nc6 3. d4 cxd4 4. Nxd4 Nf6 5. Nc3 e5 6. Ndb5 d6 7. Bg5 a6 8. Na3 b5 9. Nd5 Be7 10. Bxf6 Bxf6 11. c3 Bg5 12. Nc2 O-O 13. a4 bxa4 14. Rxa4 a5 15. Bc4 Bd7 16. Nce3 Kh8 17. Ra2 Be6 18. O-O Rc8 19. b3 Rb8 20. Qd3 Qd7 21. Rfa1 Qb7 22. Rb2 Ra8 23. Nf5 Bxf5 24. exf5 Ne7 25. Nxe7 Qxe7 26. Qd5 Qc7 27. Rba2 h6 28. Rxa5 Rxa5 29. Rxa5 Bd2 30. Ra8 Rxa8 31. Qxa8+ Kh7 32. Qf8 d5 33. Bxd5 Qxc3 34. g3 Be3 35. Qxf7 Qe1+ 36. Kg2 Qxf2+ 37. Kh3 Qf1+ 38. Bg2 Qa6 39. f6 Qc8+ 40. g4 Qg8 41. Qd7 Bc5 42. Be4+ Kh8 43. f7 Qf8 44. Bg6 Bd6 45. Qe8 Be7 46. Kg2 1-0

[Event "HUN-chT Youth-Children 2018"]
[Site "Zalakaros"]
[Date "2018.07.26"]
[Round "2"]
[White "Dibusz, Domonkos"]
[Black "Juhasz, Agoston"]
[Result "1/2-1/2"]
[ECO "B18"]
[WhiteElo "2076"]
[BlackElo "2244"]
[Annotator "NA"]
[PlyCount "143"]
[EventDate "2018.07.26"]
[EventType "team-tourn"]
[EventCountry "HUN"]
[SourceTitle "playchess.com"]
[Source "ChessBase"]
[SourceQuality "1"]
[TimeControl "5400+30"]

1. e4 c6 2. d4 d5 3. Nc3 dxe4 4. Nxe4 Bf5 5. Ng3 Bg6 6. h4 h6 7. f4 e6 8. Nf3 Bd6 9. Ne5 Ne7 10. Nxg6 Nxg6 11. Qf3 Nxh4 12. Qg4 Be7 13. Be3 Nd7 14. O-O-O Nf6 15. Qe2 Nd5 16. c4 Nxe3 17. Qxe3 g6 18. Kb1 Qc7 19. Ne4 Nf5 20. Qf2 O-O-O 21. g4 Nd6 22. Nc3 h5 23. d5 exd5 24. cxd5 Bf6 25. dxc6 Bxc3 26. cxb7+ Qxb7 27. Bg2 Ne4 28. Qc2 Rxd1+ 29. Rxd1 Re8 30. gxh5 gxh5 31. Ka1 Qxb2+ 32. Qxb2 Bxb2+ 33. Kxb2 Nf2 34. Rc1+ Kb8 35. Bf1 Rd8 36. Ka3 Rd6 37. Rc3 Ne4 38. Re3 Nd2 39. Be2 h4 40. Rh3 Rh6 41. Bd3 Rh5 42. Kb4 f5 43. Kc3 Ne4+ 44. Bxe4 fxe4 45. Kd4 Ra5 46. a3 Ra4+ 47. Ke5 Kc7 48. f5 Kd7 49. Kf6 Ra6+ 50. Kg7 Ra5 51. Kg6 Re5 52. Rxh4 e3 53. Rd4+ Kc7 54. Rd1 e2 55. Re1 Kd7 56. f6 Ke8 57. a4 a5 58. Kg7 Rg5+ 59. Kh6 Rg2 60. Kh5 Kf7 61. Kh4 Kxf6 62. Kh3 Rf2 63. Kg3 Rf1 64. Rxe2 Ra1 65. Re4 Kf5 66. Rf4+ Ke5 67. Rh4 Kd6 68. Kf3 Kc6 69. Ke3 Rd1 70. Rc4+ Kb6 71. Rd4 Rh1 72. Rc4 1/2-1/2

[Event "HUN-chT Youth-Children 2018"]
[Site "Zalakaros"]
[Date "2018.07.26"]
[Round "2"]
[White "Kovacsy, Barnabas"]
[Black "Pasztor, Balazs"]
[Result "1/2-1/2"]
[ECO "C85"]
[WhiteElo "2075"]
[BlackElo "2072"]
[Annotator "NA"]
[PlyCount "92"]
[EventDate "2018.07.26"]
[EventType "team-tourn"]
[EventCountry "HUN"]
[SourceTitle "playchess.com"]
[Source "ChessBase"]
[SourceQuality "1"]
[TimeControl "5400+30"]

1. e4 e5 2. Nf3 Nc6 3. Bb5 a6 4. Ba4 Nf6 5. O-O Be7 6. Bxc6 dxc6 7. d3 Nd7 8. Nbd2 f6 9. b3 Nf8 10. Bb2 c5 11. Qe2 Ne6 12. g3 h5 13. Nh4 g5 14. Nf5 Bf8 15. Nc4 Nd4 16. Bxd4 cxd4 17. f4 gxf4 18. gxf4 Be6 19. fxe5 Bxc4 20. bxc4 fxe5 21. Rab1 Qg5+ 22. Qg2 Qxg2+ 23. Kxg2 b6 24. Kh3 Kd7 25. Nh4 Ke6 26. Rf5 Rh6 27. Rbf1 Be7 28. Rf7 Bxh4 29. Kxh4 Rg8 30. Rxc7 Kd6 31. Rff7 Rhg6 32. Rfd7+ Ke6 33. Rd5 Rg4+ 34. Kh3 Rf4 35. Rc6+ Ke7 36. Rxe5+ Kd7 37. Rh6 Rf3+ 38. Kh4 Rg2 39. h3 Rgg3 40. Rd5+ Ke7 41. Re5+ Kd7 42. Rhxh5 Rxh3+ 43. Kg5 Rhg3+ 44. Kh4 Rh3+ 45. Kg5 Rhg3+ 46. Kh4 Rh3+ 1/2-1/2

[Event "HUN-chT Youth-Children 2018"]
[Site "Zalakaros"]
[Date "2018.07.26"]
[Round "2"]
[White "Pasti, Aron"]
[Black "Koteljarto, Aron"]
[Result "1-0"]
[ECO "B10"]
[WhiteElo "2069"]
[BlackElo "1404"]
[Annotator "NA"]
[PlyCount "100"]
[EventDate "2018.07.26"]
[EventType "team-tourn"]
[EventCountry "HUN"]
[SourceTitle "playchess.com"]
[Source "ChessBase"]
[SourceQuality "1"]
[TimeControl "5400+30"]

1. e4 c6 2. Nf3 d5 3. Nc3 dxe4 4. Nxe4 Nf6 5. Nxf6+ exf6 6. Bc4 Be7 7. O-O O-O 8. h3 Nd7 9. d4 Nb6 10. Bb3 Bd7 11. c3 Qc7 12. Qd3 Rfe8 13. Bd2 Bf8 14. Rfe1 g6 15. Nh4 Bg7 16. Re3 Rxe3 17. fxe3 f5 18. Nf3 Re8 19. a4 Nc8 20. Be1 Be6 21. c4 Bd7 22. Bf2 a6 23. Rd1 Na7 24. Qd2 Rd8 25. d5 c5 26. Rb1 Nc8 27. Bc2 Re8 28. a5 Bh6 29. Re1 Nd6 30. Bg3 Bc8 31. Qc3 Qe7 32. Ba4 Rf8 33. Bxd6 Qxd6 34. Qe5 Rd8 35. Qxd6 Rxd6 36. Ne5 Bg7 37. Nd3 Kf8 38. Re2 f4 39. Nxf4 Ke7 40. Nd3 Bf5 41. Nxc5 Bc8 42. Ne4 Rd8 43. d6+ Kf8 44. Rd2 Bf5 45. Nc5 Bf6 46. Nxb7 Rb8 47. Bc6 Bg5 48. Kf2 Rc8 49. Bf3 Ke8 50. d7+ Kf8 1-0

[Event "HUN-chT Youth-Children 2018"]
[Site "Zalakaros"]
[Date "2018.07.26"]
[Round "2"]
[White "Fule, Simon"]
[Black "Gombocz, Zsofia"]
[Result "1/2-1/2"]
[ECO "C88"]
[WhiteElo "2061"]
[BlackElo "1996"]
[Annotator "NA"]
[PlyCount "67"]
[EventDate "2018.07.26"]
[EventType "team-tourn"]
[EventCountry "HUN"]
[SourceTitle "playchess.com"]
[Source "ChessBase"]
[SourceQuality "1"]
[TimeControl "5400+30"]

1. e4 e5 2. Nf3 Nc6 3. Bb5 a6 4. Ba4 Nf6 5. O-O Be7 6. Re1 b5 7. Bb3 O-O 8. a4 Bb7 9. d3 d6 10. c3 Na5 11. Bc2 c5 12. Nbd2 Re8 13. Nf1 h6 14. Ng3 Bf8 15. d4 Qc7 16. d5 g6 17. h3 b4 18. cxb4 cxb4 19. Bd2 Nc4 20. b3 Nxd2 21. Nxd2 a5 22. Bd3 Ba6 23. Bxa6 Rxa6 24. Rc1 Qb7 25. Nc4 Nd7 26. Qf3 Nc5 27. Ne2 Qd7 28. g4 Bg7 29. Ng3 Rc8 30. Red1 Qe7 31. Nd2 Ra7 32. Kg2 Rac7 33. Rc4 Qg5 34. Rc2 1/2-1/2

[Event "HUN-chT Youth-Children 2018"]
[Site "Zalakaros"]
[Date "2018.07.26"]
[Round "2"]
[White "Kelemen, David"]
[Black "Pribelszky, Bence"]
[Result "1/2-1/2"]
[ECO "B40"]
[WhiteElo "2055"]
[BlackElo "2245"]
[Annotator "NA"]
[PlyCount "103"]
[EventDate "2018.07.26"]
[EventType "team-tourn"]
[EventCountry "HUN"]
[SourceTitle "playchess.com"]
[Source "ChessBase"]
[SourceQuality "1"]
[TimeControl "5400+30"]

1. e4 c5 2. Nf3 e6 3. c4 Nc6 4. Nc3 Nf6 5. Be2 d5 6. exd5 exd5 7. d4 cxd4 8. Nxd4 Bc5 9. Nxc6 bxc6 10. cxd5 cxd5 11. O-O O-O 12. Bf3 Be6 13. Bg5 Rc8 14. Bxf6 Qxf6 15. Bxd5 Bxd5 16. Qxd5 Rfd8 17. Qh5 Bd4 18. Ne4 Qf4 19. Qf3 Qxf3 20. gxf3 Rc2 21. Kg2 f5 22. Ng5 Bf6 23. Nh3 Rxb2 24. a4 Rdd2 25. Rab1 h6 26. Rxb2 Rxb2 27. Rc1 Rb4 28. a5 Rb5 29. a6 Rb6 30. Rc5 Rxa6 31. Rxf5 Ra2 32. Nf4 Bd4 33. Ne6 Bxf2 34. Rf8+ Kh7 35. Rf7 Bd4+ 36. Kg3 Bf6 37. h4 Ra4 38. h5 Ra5 39. Rb7 Rxh5 40. Rxa7 Rf5 41. Ra4 h5 42. Re4 Kh6 43. Nd4 Rd5 44. Ne2 Be5+ 45. Kh3 Bd6 46. Ng3 g6 47. Re6 Bf4 48. Re4 Bb8 49. Rb4 Bc7 50. Rc4 Rd7 51. Rc6 Kg5 52. Ne4+ 1/2-1/2

[Event "HUN-chT Youth-Children 2018"]
[Site "Zalakaros"]
[Date "2018.07.26"]
[Round "2"]
[White "Virag, Balint"]
[Black "Balogh, Marton"]
[Result "1-0"]
[ECO "B01"]
[WhiteElo "2051"]
[BlackElo "1973"]
[Annotator "NA"]
[PlyCount "93"]
[EventDate "2018.07.26"]
[EventType "team-tourn"]
[EventCountry "HUN"]
[SourceTitle "playchess.com"]
[Source "ChessBase"]
[SourceQuality "1"]
[TimeControl "5400+30"]

1. e4 d5 2. exd5 Qxd5 3. Nc3 Qa5 4. d4 Nf6 5. Bd2 Bg4 6. Be2 Bxe2 7. Qxe2 c6 8. Nf3 e6 9. Ne4 Qf5 10. Nxf6+ gxf6 11. O-O-O Rg8 12. h3 Na6 13. a3 O-O-O 14. Rhg1 Nc7 15. Kb1 Qb5 16. Qxb5 Nxb5 17. Be3 Be7 18. g4 b6 19. Kc1 c5 20. dxc5 Bxc5 21. Bxc5 bxc5 22. Rxd8+ Kxd8 23. Kd2 Ke7 24. Ke2 Rd8 25. g5 e5 26. a4 Nd4+ 27. Nxd4 Rxd4 28. b3 f5 29. a5 Kd7 30. c3 Rd6 31. b4 cxb4 32. cxb4 Rd4 33. Rb1 Kc6 34. Rc1+ Kb7 35. Rc5 Re4+ 36. Kf3 Re1 37. Rb5+ Kc6 38. Rb8 Rb1 39. Rf8 Rxb4 40. Rxf7 Rb7 41. Rxb7 Kxb7 42. h4 Kc6 43. h5 Kd6 44. g6 hxg6 45. h6 g5 46. h7 g4+ 47. Kg3 1-0

[Event "HUN-chT Youth-Children 2018"]
[Site "Zalakaros"]
[Date "2018.07.26"]
[Round "2"]
[White "Horvath, Balazs"]
[Black "Buzas, Bertalan"]
[Result "0-1"]
[ECO "A05"]
[WhiteElo "2039"]
[BlackElo "2230"]
[Annotator "NA"]
[PlyCount "110"]
[EventDate "2018.07.26"]
[EventType "team-tourn"]
[EventCountry "HUN"]
[SourceTitle "playchess.com"]
[Source "ChessBase"]
[SourceQuality "1"]
[TimeControl "5400+30"]

1. Nf3 Nf6 2. g3 e6 3. Bg2 d5 4. d4 b5 5. O-O Be7 6. Ne5 Bb7 7. c3 O-O 8. Bg5 Nfd7 9. Bxe7 Qxe7 10. Nd3 c5 11. dxc5 Nxc5 12. Nxc5 Qxc5 13. Nd2 Nd7 14. Nb3 Qc7 15. Nd4 a6 16. f4 Nb6 17. Qd3 Nc4 18. b3 Nd6 19. a4 bxa4 20. Rxa4 Rfc8 21. Rc1 a5 22. e3 Qb6 23. Ra2 Rc7 24. Rca1 Rac8 25. Rc2 Ba6 26. Qd2 Nb5 27. Nxb5 Bxb5 28. Rb1 Ba6 29. Rbb2 Rc5 30. Rc1 Qc7 31. Rbc2 h6 32. Bf1 Bxf1 33. Kxf1 Qb7 34. b4 axb4 35. cxb4 Rxc2 36. Rxc2 Rxc2 37. Qxc2 Qxb4 38. Kf2 Qe4 39. Qc8+ Kh7 40. Qc5 f6 41. h4 e5 42. fxe5 fxe5 43. Qc8 d4 44. exd4 exd4 45. Qc1 Kg6 46. Qd1 d3 47. Qd2 Kf5 48. Qd1 Qd4+ 49. Kg2 d2 50. Qh5+ Kf6 51. Qf3+ Ke5 52. Qd1 g5 53. hxg5 hxg5 54. Kf3 Qd3+ 55. Kf2 g4 0-1

[Event "HUN-chT Youth-Children 2018"]
[Site "Zalakaros"]
[Date "2018.07.26"]
[Round "2"]
[White "Kertesz, Zsolt"]
[Black "Birovecz, Ben Jordan"]
[Result "1/2-1/2"]
[ECO "A43"]
[WhiteElo "2034"]
[BlackElo "1901"]
[Annotator "NA"]
[PlyCount "102"]
[EventDate "2018.07.26"]
[EventType "team-tourn"]
[EventCountry "HUN"]
[SourceTitle "playchess.com"]
[Source "ChessBase"]
[SourceQuality "1"]
[TimeControl "5400+30"]

1. d4 c5 2. e3 Nc6 3. Nf3 d6 4. Be2 g6 5. O-O Bg7 6. dxc5 dxc5 7. Qxd8+ Nxd8 8. Bb5+ Nc6 9. Bxc6+ bxc6 10. e4 Nf6 11. Nc3 Rb8 12. Rb1 Be6 13. Ng5 Bc4 14. Re1 Nd7 15. Bd2 O-O 16. b3 Ba6 17. Na4 c4 18. Bc3 cxb3 19. axb3 c5 20. Bxg7 Kxg7 21. e5 e6 22. Rbd1 Rfd8 23. Rxd7 Rxd7 24. Nxc5 Rd2 25. Nxa6 Rb6 26. Nc5 Rxc2 27. Nge4 Rb5 28. Ra1 g5 29. g3 a5 30. Nd7 Rd5 31. Nec5 Rcxc5 32. Nxc5 Rxc5 33. f4 gxf4 34. gxf4 Kg6 35. Ra4 Kf5 36. Kg2 Rb5 37. Kf2 Rxb3 38. Rxa5 Kxf4 39. Ra7 Rf3+ 40. Kg2 Re3 41. Rxf7+ Kxe5 42. Rxh7 Kd4 43. Rd7+ Ke4 44. h4 Re2+ 45. Kg3 e5 46. Rf7 Kd3 47. h5 Re1 48. Rf3+ Kd2 49. Rf2+ Kd3 50. h6 Ra1 51. Rf8 Ra2 1/2-1/2